 Dungeon Crawl Stone Soup version 0.31-a0-202-g547052bce9 (webtiles) character file.

Game seed: 2938268419877082863

4405 innerfire43 the Cleaver (level 10, 0/70 HPs)
             Began as a Demonspawn Monk on June 26, 2023.
             Was the Champion of Cheibriados.
             Slain by Grum
             ... wielding a -1 halberd of freezing
              (6 damage)
             ... on level 8 of the Dungeon.
             The game lasted 00:11:15 (6279 turns).

innerfire43 the Cleaver (Demonspawn Monk)           Turns: 6279, Time: 00:11:15

Health: 0/70       AC: 12    Str: 40    XL:     10   Next: 14%
Magic:  0/10       EV: 15    Int: 27    God:    Cheibriados [******]
Gold:   237        SH:  0    Dex: 30    Spells: 4/9 levels left

rFire   . . .        k - +5 hand axe "Meexausm" {vamp, Str+6}
rCold   . . .        d - orb {light}
rNeg    . . .        b - +0 robe
rPois   .            (no helmet)
rElec   .            G - +2 cloak
rCorr   .            A - +0 pair of gloves {Str+3}
SInv    .            (no boots)
Will    +....        o - amulet of guardian spirit
Stlth   +            i - ring of willpower
HPRegen 0.31/turn    p - ring of wizardry
MPRegen 0.12/turn

%: guardian spirit, wizardry (x1)
@: wereblooded (expiring), sanguine armoured, glowing, very slow
A: claws 1, foul stench 2, sanguine armour 1
a: Renounce Religion, Bend Time, Temporal Distortion, Slouch, Step From Time


You were on level 8 of the Dungeon.
You worshipped Cheibriados.
Cheibriados was exalted by your worship.
You visited 2 branches of the dungeon, and saw 9 of its levels.
You also visited: Sewer.

You collected 386 gold pieces.
You spent 149 gold pieces at shops.

Inventory:

Hand Weapons
 a - a +0 hand axe
 f - a +3 whip of flaming
 k - the +5 hand axe "Meexausm" (weapon) {vamp, Str+6}
   (You found it on level 4 of the Dungeon)

   Str:       It affects your strength (+6).
 D - a +4 flail
Missiles
 O - a throwing net
Armour
 b - a +0 robe (worn)
 d - an orb of light (worn)
 h - a +0 pair of gloves
 r - a +0 pair of gloves
 z - a +0 cloak
 A - a +0 pair of gloves of strength (worn)
 G - a +2 cloak (worn)
Jewellery
 i - a ring of willpower (left hand)
 o - an amulet of guardian spirit (around neck)
 p - a ring of wizardry (right hand)
 C - a +6 ring of dexterity
 M - a ring of protection from fire
 N - a ring of resist corrosion
Wands
 x - a wand of digging (5)
 y - a wand of flame (26)
 H - a wand of iceblast (9)
 K - a wand of polymorph (11)
Scrolls
 e - a scroll of brand weapon
 j - a scroll of fog
 l - a scroll of summoning
 u - 3 scrolls of fear
 v - 3 scrolls of poison {unknown}
 B - a scroll of teleportation {unknown}
 F - a scroll of identify
 I - a scroll of blinking {unknown}
 J - 2 scrolls of amnesia
Potions
 c - 3 potions of ambrosia
 g - 3 potions of enlightenment {unknown}
 m - 6 potions of curing
 n - 2 potions of heal wounds {unknown}
 q - 2 potions of haste {unknown}
 s - 2 potions of cancellation {unknown}
 t - 3 potions of degeneration {unknown}
 w - 2 potions of mutation {unknown}
 E - 3 potions of might {unknown}
 L - a potion of resistance


   Skills:
 - Level 3.4 Fighting
 * Level 13.4(13.5) Axes
 - Level 1.2(8.7) Maces & Flails
 - Level 3.1 Dodging


You had 4 spell levels left.
You knew the following spells:

 Your Spells              Type           Power      Damage    Failure   Level
a - Call Canine Familiar  Summ           0%         N/A       14%         3
b - Wereblood             Tmut           0%         N/A       8%          2

Your spell library contained the following spells:

 Spells                   Type           Power      Damage    Failure   Level
 Slow                     Hex            0%         N/A       4%          1
 Sublimation of Blood     Necr           0%         N/A       8%          2
 Confusing Touch          Hex            0%         N/A       14%         3
 Gell's Gravitas          Tloc           0%         N/A       14%         3
 Portal Projectile        Hex/Tloc       0%         N/A       14%         3
 Teleport Other           Tloc           0%         N/A       14%         3
 Vampiric Draining        Necr           0%         2d6       14%         3
 Leda's Liquefaction      Hex/Erth       0%         N/A       41%         4
 Dispersal                Tloc           0%         N/A       99%         6
 Summon Hydra             Summ           0%         N/A       100%        7


Dungeon Overview and Level Annotations

Branches:
Dungeon (8/15)             Temple (1/1) D:4           Sewer (visited)
   Lair: D:8-11

Altars:
Ashenzari
Cheibriados
Dithmenos
Gozag
Kikubaaqudgha
Makhleb
Nemelex Xobeh
Okawaru
Qazlal
Ru
Sif Muna
Trog
Uskayaw
Wu Jian
Xom
Yredelemnul

Shops:
D:5 :?[

Annotations:
D:8 Grum
Temple 2 transporters


Innate Abilities, Weirdness & Mutations

You have sharp fingernails.
You sometimes emit foul miasma when damaged in melee.
When seriously injured, your blood forms armour. (AC +6)


Message History

You are too injured to fight recklessly!
Unknown command.
You are too injured to fight recklessly!
You are too injured to fight recklessly!
Unknown command.
You are too injured to fight recklessly!
You slash the wolf!
You feel better.
The wolf is heavily wounded.
You slash the kobold!
You feel a bit better.
You kill the kobold!
Cheibriados appreciates the change of pace.
You barely miss the kobold brigand. You closely miss the wolf.
Your primal bloodlust is almost over.
The wolf misses you. The wolf closely misses you.
You slice the wolf!!
You feel a bit better.
You kill the wolf!
Cheibriados thoroughly appreciates the change of pace.
Cheibriados raises the support of your attributes as your movement slows.
You hit the kobold brigand.
You feel better.
You feel a bit better.
You kill the kobold brigand!
Cheibriados appreciates the change of pace.
You slash the wolf!
You feel better. The wolf bites you but does no damage. Grum barely misses you.
You slice the wolf!!
You feel better.
You feel a bit better.
You kill the wolf!
Cheibriados thoroughly appreciates the change of pace.
You barely miss the wolf.
Your blood armour dries and flakes away.
The wolf misses you.
Grum hits you from afar with a -1 halberd of freezing!!
Your blood congeals into armour.
Grum freezes you.
You slash the wolf!
The wolf is severely wounded.
The wolf bites you. The wolf closely misses you.
You hit the wolf but do no damage.
The wolf is heavily wounded.
Grum hits you from afar with a -1 halberd of freezing!
* * * LOW HITPOINT WARNING * * *
Grum freezes you!
You die...

######....####.
#......#.## #.
#......#.# #.
###......#.# #. #
#...<......# #.
#.######.#########..
.. #.........# .# ##
##...h...# .
#...†@).#
.....g))|..>..#
.###......#....
..#.#.....#.#
#.##.#.....# # #.
..#.....# .
...#...... ...
#.......


You could see Grum and a wolf.

Vanquished Creatures
  Pikel (D:4)
  Maggie (D:6)
  A hornet (D:8)
  Sigmund (D:4)
  A wyvern (D:8)
  Menkaure (D:6)
  3 orc warriors
  A sky beast (D:7)
  An ice beast (D:5)
  2 black bears
  3 wolves (D:8)
  2 ogres
  2 centaurs (D:5)
  2 lemures (D:4)
  3 kobold brigands
  A bullfrog (D:7)
  A gnoll sergeant (D:7)
  2 scorpions
  4 killer bees (D:8)
  4 howler monkeys
  2 jellies
  4 orc priests
  4 hounds
  Crazy Yiuf (D:4)
  A gnoll bouda (D:5)
  2 sleepcaps
  Jessica (D:3)
  Ijyb (D:3)
  2 iguanas
  6 orc wizards
  10 gnolls
  9 adders
  5 river rats (Sewer)
  2 shadow imps (D:7)
  3 white imps
  2 ufetubi
  2 dart slugs (D:3)
  31 orcs
  13 ball pythons
  9 bats
  7 endoplasms
  A giant cockroach (D:1)
  10 goblins
  14 hobgoblins
  4 jackals
  5 quokkas
  8 frilled lizards
  29 kobolds
  9 rats
234 creatures vanquished.

Notes
Turn   | Place    | Note
-------+----------+-------------------------------------------
     0 | D:1      | innerfire43 the Demonspawn Monk began the quest for the
                  | Orb.
     0 | D:1      | Reached XP level 1. HP: 18/18 MP: 1/1
   187 | D:1      | Gained mutation: When seriously injured, your blood forms
                  | armour. (AC +6) [demonic ancestry]
   187 | D:1      | Reached XP level 2. HP: 24/24 MP: 2/2
   822 | D:1      | Reached skill level 1 in Maces & Flails
   965 | D:2      | Gained mutation: You may rarely emit foul miasma when
                  | damaged in melee. [demonic ancestry]
   965 | D:2      | Reached XP level 3. HP: 29/29 MP: 3/3
   990 | D:2      | You fall into a shaft and drop 2 floors!
   998 | D:4      | Identified the +5 hand axe "Meexausm" {vamp, Str+6}
  1008 | D:4      | Found a staircase to the Ecumenical Temple.
  1028 | D:4      | Reached skill level 3 in Axes
  1034 | D:4      | Gained mutation: You sometimes emit foul miasma when
                  | damaged in melee. [demonic ancestry]
  1034 | D:4      | Reached XP level 4. HP: 33/35 MP: 4/4
  1048 | Temple   | Entered the Ecumenical Temple
  1048 | Temple   | Found a transporter.
  1048 | Temple   | Found a transporter.
  1050 | Temple   | Found a transporter.
  1050 | Temple   | Found a transporter.
  1061 | Temple   | Became a worshipper of Cheibriados the Contemplative
  1061 | Temple   | Reached * piety under Cheibriados
  1061 | Temple   | Reached ** piety under Cheibriados
  1124 | D:4      | Reached skill level 4 in Axes
  1179 | D:4      | Reached XP level 5. HP: 41/41 MP: 5/5
  1226 | D:4      | Reached skill level 5 in Axes
  1340 | D:3      | Reached *** piety under Cheibriados
  1373 | D:3      | Found a glowing drain.
  1411 | Sewer    | Entered a sewer
  1459 | Sewer    | Reached XP level 6. HP: 38/47 MP: 6/6
  1799 | Sewer    | Reached **** piety under Cheibriados
  1934 | Sewer    | Reached skill level 6 in Axes
  2192 | D:3      | Found an ornate altar of the Wu Jian Council.
  2257 | D:3      | Noticed Ijyb
  2263 | D:3      | Killed Ijyb
  2267 | D:3      | Found an iron altar of Okawaru.
  2386 | D:3      | Noticed Jessica
  2394 | D:3      | Killed Jessica
  2572 | D:2      | Learned a level 3 spell: Call Canine Familiar
  3029 | D:2      | Found a faded altar of an unknown god.
  3137 | D:4      | Gained mutation: You have sharp fingernails. [demonic
                  | ancestry]
  3137 | D:4      | Reached XP level 7. HP: 48/52 MP: 7/7
  3172 | D:4      | Noticed Sigmund
  3176 | D:4      | Reached ***** piety under Cheibriados
  3179 | D:4      | Killed Sigmund
  3180 | D:4      | Reached skill level 7 in Axes
  3346 | D:4      | Noticed Pikel
  3362 | D:4      | Killed Pikel
  3363 | D:4      | Reached skill level 9 in Axes
  3363 | D:4      | Reached XP level 8. HP: 28/58 MP: 0/8
  3584 | D:4      | Found a runed translucent door.
  3585 | D:4      | Noticed Crazy Yiuf
  3677 | D:4      | Killed Crazy Yiuf
  3760 | D:5      | Entered Level 5 of the Dungeon
  3760 | D:5      | Found Ucust's Armour Shoppe.
  3779 | D:5      | Bought a +0 pair of gloves of strength for 149 gold pieces
  3791 | D:5      | Found Uqaelanu's Magic Scroll Emporium.
  3895 | D:5      | Found Weizis's Book Boutique.
  3941 | D:5      | Reached skill level 10 in Axes
  4578 | D:6      | Noticed Menkaure
  4583 | D:6      | Killed Menkaure
  4584 | D:6      | Reached XP level 9. HP: 21/64 MP: 2/9
  4778 | D:6      | Reached skill level 11 in Axes
  4869 | D:6      | Noticed Maggie
  4873 | D:6      | Learned a level 2 spell: Wereblood
  4881 | D:6      | Killed Maggie
  4941 | D:6      | Identified the +8 chain mail of Vycoch {-Cast Rampage
                  | rCorr}
  5082 | D:6      | Found an opulent altar of Gozag.
  5159 | D:6      | Found a basalt altar of Yredelemnul.
  5199 | D:6      | Found a sparkling altar of Nemelex Xobeh.
  5464 | D:7      | Reached skill level 12 in Axes
  6024 | D:8      | Found a sacrificial altar of Ru.
  6068 | D:8      | Paralysed by a hornet for 1 turns
  6071 | D:8      | Paralysed by a hornet for 2 turns
  6073 | D:8      | Reached skill level 13 in Axes
  6132 | D:8      | Reached XP level 10. HP: 52/70 MP: 7/10
  6261 | D:8      | Noticed Grum
  6276 | D:8      | Reached ****** piety under Cheibriados
  6279 | D:8      | Slain by Grum

Illustrated notes

Levels and vault maps discovered:
D:1:      dpeg_arrival_arbitrary_b, layout_basic, minivault_25
D:2:      layout_rooms, shapermc_ecumenical_altar_petra,
          minmay_goblin_kobold_house
D:3:      layout_rooms, nicolae_wu_jian_wuxing_cycle, okawaru_gym_becter,
          cheibrodos_sewer_entry_sluice, uniq_jessica, uniq_ijyb
D:4:      minmay_recursive_quarters, layout_rooms, uniq_pikel, uniq_sigmund,
          uniq_crazy_yiuf_cottage
D:5:      layout_rooms, serial_shops, shop, nicolae_shop_hallway_stairs, shop,
          chequers_serial_rivers_large_a
D:6:      layout_rooms, mainiacjoe_overflow_alcove_4, grunt_gozag_statues,
          kennysheep_little_box, uniq_menkaure, uniq_maggie
D:7:      layout_basic
D:8:      layout_basic, mainiacjoe_overflow_chevrons, minmay_splitting_lines,
          uniq_grum
Temple:   hellmonk_temple_divided_pantheon

Skill      XL: |  1  2  3  4  5  6  7  8  9 |
---------------+----------------------------+-----
Dodging        | 3 |  3.1
Maces & Flails | 1 |  1.2
Axes           | 3 4 5 6 9 10 13 | 13.4
Fighting       | |  3.4

Action                     |  1- 3 |  4- 6 |  7- 9 | 10-12 || total
---------------------------+-------+-------+-------+-------++-------
  Melee: Hand axe          |    23 |   198 |   223 |    25 ||   469
         Whip              |    34 |       |       |       ||    34
   Cast: Call Canine Famil |       |       |     1 |       ||     1
         Wereblood         |       |       |     4 |     1 ||     5
    Use: Scroll            |       |     9 |       |       ||     9
 Armour: Robe              |    14 |    29 |    44 |     7 ||    94
  Dodge: Dodged            |    31 |   121 |   174 |    31 ||   357

Table legend: (Time is in decaauts)
 A = Elapsed time spent in this place.
 B = Non-inter-level travel time spent in this place.
 C = Inter-level travel time spent in this place.
 D = Time resting spent in this place.
 E = Time spent auto-exploring this place.
 F = Levels seen in this place.
 G = Mean time per level.
                   A        B        C        D        E       F      G
               +--------+--------+--------+--------+--------+-----+--------+
         Total |   8956 |   8693 |    263 |      0 |   6909 |  10 |  895.6 |
       Dungeon |   7668 |   7405 |    263 |      0 |   5925 |   8 |  958.5 |
        Temple |     37 |     37 |      0 |      0 |      0 |   1 |   37.0 |
         Sewer |   1249 |   1249 |      0 |      0 |    984 |   1 | 1249.0 |
               +--------+--------+--------+--------+--------+-----+--------+

Top non-repeatable levels by time:
     D:4: 1317 daAuts
     D:6: 1304 daAuts
   Sewer: 1249 daAuts
     D:5: 1128 daAuts
     D:1: 963 daAuts
     D:7: 960 daAuts
     D:2: 895 daAuts
     D:3: 792 daAuts
     D:8: 306 daAuts
  Temple: 37 daAuts
